Map: Ruins of Endion

Players

Zoxx

  • Race: Terran Terran
  • League: Master

Reborn - Winner!

  • Race: Protoss Protoss
  • League: Diamond

VOD

Have the link to the VOD?

Description

Time

  • Played on: April 26, 2016, 3:47 p.m.
  • Length: 10:02
Show
View Real Time Build Order
Export as new Build Order

Zoxx Terran 

Build Orders: 1/1/1, Liberator Opening 

Get SALT Encoding   

  12  0:01  SCV  
  13  0:13  SCV  
  14  0:18  Supply Depot  
  14  0:25  SCV  
  15  0:39  SCV  
  15  0:40  Refinery  
  16  0:44  Barracks  
  16  0:51  SCV  
  17  1:03  SCV  
  18  1:16  SCV  
  19  1:28  Refinery, SCV  
  19  1:32  Marine  
  21  1:38  Supply Depot  
  21  1:40  Factory  
  21  1:44  Orbital Command  
  21  1:50  Marine  
  22  2:08  Marine  
  23  2:12  SCV  
  24  2:24  SCV  
  24  2:26  Starport, Factory Tech Lab, Marine  
  26  2:30  Supply Depot  
  26  2:38  SCV  
  26  2:43  Marine  
  28  2:47  Liberator, Siege Tank  
  31  2:53  Supply Depot  
  31  3:01  Marine  
  35  3:08  SCV  
  36  3:19  Marine  
  37  3:26  SCV  
  38  3:27  Siege Tank  
  38  3:33  Liberator  
  41  3:37  Marine  
  41  3:38  SCV  
  41  3:40  Supply Depot  
  43  3:55  Marine  
  47  4:13  SCV  
  47  4:14  Bunker  
  47  4:16  Supply Depot  
  48  4:25  Marine, SCV  
  48  4:26  Siege Tank  
  48  4:29  Supply Depot  
  48  4:30  Engineering Bay  
  53  4:33  Medivac  
  55  4:45  SCV  
  52  4:57  Missile Turret  
  50  5:22  Missile Turret  
  46  5:45  Missile Turret  
Show
View Real Time Build Order
Export as new Build Order

Reborn Protoss - Winner!

Build Orders: 1 Gate Expand, Zealot Archon, Dark Templar Rush 

Get SALT Encoding   

  12  0:01  Probe (Chrono Boost)  
  13  0:11  Probe (Chrono Boost)  
  14  0:18  Pylon  
  14  0:22  Probe (Chrono Boost)  
  15  0:36  Probe (Chrono Boost)  
  15  0:37  Gateway  
  16  0:46  Probe (Chrono Boost)  
  17  0:58  Probe (Chrono Boost)  
  18  1:13  Nexus  
  18  1:19  Assimilator  
  18  1:27  Cybernetics Core  
  18  1:31  Probe (Chrono Boost)  
  19  1:37  Assimilator  
  19  1:44  Pylon  
  19  1:46  Probe (Chrono Boost)  
  20  1:57  Probe (Chrono Boost)  
  21  2:02  Pylon  
  21  2:05  Stalker (Chrono Boost)  
  23  2:10  Warp Gate (Chrono Boost)  
  23  2:12  Probe  
  24  2:25  Probe, Gateway  
  25  2:31  Probe  
  26  2:41  Twilight Council  
  28  2:55  Robotics Facility  
  28  2:56  Probe  
  27  3:04  Probe  
  27  3:05  Assimilator  
  28  3:20  Dark Shrine  
  28  3:23  Pylon, Probe x2  
  30  3:32  Pylon  
  30  3:44  Warp Prism (Chrono Boost)  
  32  3:51  Mothership Core  
  34  4:23  Nexus  
  34  4:35  Dark Templar  
  34  4:36  Dark Templar  
  38  4:43  Pylon  
  38  4:51  Gateway  
  38  5:05  Dark Templar  
  40  5:08  Dark Templar  
  40  5:35  Gateway  
  38  5:43  Assimilator  
  36  5:55  Dark Shrine  
  35  5:57  Gateway  
  35  6:02  Gateway  
  34  6:14  Pylon  
  34  6:17  Assimilator  
  34  6:26  Dark Templar  
  36  6:49  Cybernetics Core  
  36  7:05  Pylon  
  36  7:08  Pylon x2  
  36  7:13  Pylon  
  33  7:31  Stalker  
  33  7:35  Dark Templar x2  
  35  7:45  Archon x2  
  30  8:05  Dark Templar  
  32  8:16  Zealot x2  
  32  8:38  Stalker x2  
  36  8:42  Probe  
  37  8:52  Probe  
  38  9:03  Probe  
  20  9:30  Stalker x3  
Tags
 
Add a new tag
Caveats
  • Supply blocks, unpowered buildings, or Contaminate may cause inaccurate times.
  • Supply counts are checked every 10 seconds.